 Dungeon Crawl Stone Soup version 0.26.0-11-g8f856b5395 (webtiles) character file.

Game seed: 10988424513655860467

7617 Marvel the Cleaver (level 11, -16/97 HPs)
             Began as a Hill Orc Fighter on Jan 15, 2021.
             Was a Priest of Okawaru.
             Demolished by a white ugly thing (33 damage)
             ... on level 10 of the Dungeon.
             The game lasted 00:11:43 (11168 turns).

Marvel the Cleaver (Hill Orc Fighter)              Turns: 11168, Time: 00:11:43

Health: -16/97     AC: 14    Str: 23    XL:     11   Next: 18%
Magic:  10/11      EV:  6    Int: 11    God:    Okawaru [***...]
Gold:   453        SH: 11    Dex: 13    Spells: 10/10 levels left

rFire    . . .     SeeInvis .   a - +3 war axe
rCold    . . .     Faith    .   c - +0 kite shield
rNeg     . . .     Spirit   .   t - +1 plate armour of the True Pharaoh {+Blink Int+3 Dex+3}
rPois    +         Reflect  .   (no helmet)
rElec    .         Harm     .   (no cloak)
rCorr    .         Rampage  .   (no gloves)
Will     +....                  (no boots)
Stlth    ..........             d - amulet of the acrobat
HPRegen  0.26/turn              D - ring of willpower
MPRegen  0.12/turn              e - ring of poison resistance

@: no status effects
A: no striking features
a: Renounce Religion, Evoke Blink, Heroism


You were on level 10 of the Dungeon.
You worshipped Okawaru.
Okawaru was most pleased with you.
You visited 1 branch of the dungeon, and saw 10 of its levels.

You collected 453 gold pieces.

Inventory:

Hand Weapons
 a - a +3 war axe (weapon)
Missiles
 E - 22 poisoned darts (quivered)
Armour
 b - a +0 scale mail
 c - a +0 kite shield (worn)
 t - the +1 plate armour of the True Pharaoh (worn) {+Blink Int+3 Dex+3}
   (You found it on level 4 of the Dungeon)

   It affects your intelligence (+3).
   It affects your dexterity (+3).
   It lets you blink.
Jewellery
 d - an amulet of the acrobat (around neck)
 e - a ring of poison resistance (right hand)
 w - an uncursed ring of wizardry
 y - an uncursed ring of teleportation
 D - a ring of willpower (left hand)
 H - an uncursed ring of wizardry
Wands
 x - a wand of acid (14)
 B - a wand of polymorph (8)
 C - a wand of flame (25)
Scrolls
 f - a scroll of immolation
 g - 6 scrolls of remove curse
 i - 12 scrolls of identify
 m - a scroll of noise
 q - a scroll of fog
 r - a scroll of random uselessness {unknown}
 u - 2 scrolls of teleportation
 F - a scroll of fear
 G - a scroll of enchant armour {unknown}
Potions
 h - a potion of heal wounds
 j - a potion of resistance
 k - a potion of invisibility {unknown}
 l - 2 potions of flight {unknown}
 n - 5 potions of lignification {unknown}
 o - 2 potions of cancellation {unknown}
 p - 2 potions of magic {unknown}
 s - a potion of curing
 v - 2 potions of mutation {unknown}
 z - a potion of haste {unknown}
 A - a potion of brilliance {unknown}


   Skills:
 + Level 9.3 Fighting
 + Level 14.1 Axes
 + Level 8.5 Armour
 + Level 2.2 Dodging
 + Level 1.7 Stealth
 + Level 8.2 Shields


You had 10 spell levels left.
You didn't know any spells.
Your spell library contained the following spells:

 Spells                   Type           Power        Failure   Level
 Animate Skeleton         Necr           0%           100%        1
 Apportation              Tloc           0%           100%        1
 Corona                   Hex            0%           100%        1
 Summon Small Mammal      Summ           0%           100%        1
 Ensorcelled Hibernation  Hex/Ice        0%           100%        2
 Confusing Touch          Hex            0%           100%        3
 Dazzling Flash           Conj/Hex       0%           100%        3
 Tukima's Dance           Hex            0%           100%        3


Dungeon Overview and Level Annotations

Branches:
Dungeon (10/15)            Temple (0/1) D:6            Lair (0/6) D:8
    Orc: D:9-12

Altars:
Ashenzari
Dithmenos
Fedhas
Gozag
Hepliaklqana
Kikubaaqudgha
Okawaru
Qazlal
Trog
Uskayaw
Vehumet
Wu Jian
Xom
Yredelemnul
Zin
The Shining One


Message History

Your plate armour of the True Pharaoh prevents you from hitting the white ugly thing.
The white ugly thing is moderately wounded.
You slash the white ugly thing!
The white ugly thing trunk-slaps you but does no damage.
The white ugly thing barely misses you.
You hit the white ugly thing.
The white ugly thing is moderately wounded.
You hit the white ugly thing.
You feel like a meek peon again.
The white ugly thing basks in the mutagenic energy from its kin and changes!
You block the white ugly thing's attack.
You hit the white ugly thing.
The white ugly thing is moderately wounded.
You hit the green ugly thing. The white ugly thing pecks you.
The white ugly thing freezes you!!
* * * LOW HITPOINT WARNING * * *
You feel much better. The white ugly thing pecks you.
* * * LOW HITPOINT WARNING * * *
The white ugly thing freezes you!!
You die...

≈≈..≈≈≈..≈≈ ≈≈......≈ ###
#≈......# #.## #≈.....≈#
...# #≈.....≈# ..#####
#≈≈....≈# ......########
#≈≈u..#
.............#####'#####.
................@uu.......
.....................###..
.........[...........#
.................#..##
....................#
....................#
.................)....
......................
.................


You could see 3 ugly things.

Vanquished Creatures
  Pikel (D:5)
  2 ugly things (D:10)
  A hornet (D:8)
  Prince Ribbit (D:6)
  A wyvern (D:9)
  A vampire (D:9)
  2 humans (D:8)
  6 yaks (D:9)
  A steam dragon (D:7)
  A water moccasin (D:6)
  An ice beast (D:9)
  5 orc warriors
  A phantom (D:7)
  4 sky beasts
  2 black bears
  4 ogres
  A big kobold (D:8)
  10 bullfrogs
  A water moccasin zombie (D:5)
  3 scorpions
  4 wights (D:9)
  2 howler monkeys
  6 hounds
  3 jellies
  9 orc wizards
  4 bullfrog skeletons
  7 orc priests
  A centaur skeleton (D:5)
  7 iguanas
  4 worker ants
  A hound zombie (D:7)
  A worker ant zombie (D:5)
  13 adders
  7 gnolls
  A shadow imp (D:10)
  5 white imps
  An adder skeleton (D:5)
  3 worms
  3 dart slugs
  5 leopard geckos
  34 orcs
  4 ball pythons
  9 giant cockroaches
  2 gnoll zombies (D:5)
  10 goblins
  11 hobgoblins
  7 jackals
  5 quokkas
  10 bats
  3 frilled lizards
  A jackal zombie (D:5)
  15 kobolds
  6 rats
253 creatures vanquished.

Vanquished Creatures (others)
  2 fungi (D:3)
  4 plants
6 creatures vanquished.

Grand Total: 259 creatures vanquished

Notes
Turn   | Place    | Note
-------+----------+-------------------------------------------
     0 | D:1      | Marvel the Hill Orc Fighter began the quest for the Orb.
     0 | D:1      | Reached XP level 1. HP: 19/19 MP: 1/1
    20 | D:1      | Reached XP level 2. HP: 26/27 MP: 2/2
   133 | D:1      | Reached skill level 3 in Axes
   437 | D:1      | Reached XP level 3. HP: 33/33 MP: 3/3
  1025 | D:2      | Reached XP level 4. HP: 32/41 MP: 4/4
  1406 | D:2      | Reached skill level 1 in Dodging
  1631 | D:2      | Reached skill level 4 in Axes
  1961 | D:3      | Reached XP level 5. HP: 47/47 MP: 5/5
  1981 | D:3      | Found a shadowy altar of Dithmenos.
  2471 | D:3      | Found a blossoming altar of Fedhas.
  2731 | D:3      | Found a stormy altar of Qazlal.
  2840 | D:4      | Found a glowing silver altar of Zin.
  2841 | D:4      | Noticed an angel
  2878 | D:4      | Reached XP level 6. HP: 45/53 MP: 6/6
  2981 | D:4      | You fall into a shaft and drop 1 floor!
  2981 | D:5      | Entered Level 5 of the Dungeon
  3124 | D:5      | Reached skill level 5 in Axes
  3304 | D:5      | Noticed a sky beast
  3334 | D:4      | Got a steaming plate armour
  3341 | D:4      | Killed a sky beast
  3342 | D:4      | Reached skill level 5 in Fighting
  3342 | D:4      | Reached XP level 7. HP: 35/61 MP: 7/7
  3390 | D:4      | Identified the cursed +1 plate armour of the True Pharaoh
                  | {+Blink Int+3 Dex+3} (You found it on level 4 of the
                  | Dungeon)
  3486 | D:4      | Reached skill level 6 in Axes
  3828 | D:4      | Found a radiant altar of Vehumet.
  4142 | D:4      | Noticed an air elemental
  4144 | D:4      | Found a stormy altar of Qazlal.
  4145 | D:4      | Noticed a water elemental
  4145 | D:4      | Noticed a fire elemental
  4348 | D:5      | Noticed Pikel
  4363 | D:5      | Killed Pikel
  4364 | D:5      | Reached skill level 8 in Axes
  4364 | D:5      | Reached skill level 5 in Armour
  4364 | D:5      | Reached skill level 5 in Shields
  4364 | D:5      | Reached XP level 8. HP: 30/70 MP: 8/8
  4832 | D:5      | Found a basalt altar of Yredelemnul.
  4953 | D:6      | Noticed Prince Ribbit
  5182 | D:6      | Killed Prince Ribbit
  5186 | D:6      | Reached skill level 9 in Axes
  5441 | D:6      | Found a staircase to the Ecumenical Temple.
  5485 | D:6      | Found an ornate altar of the Wu Jian Council.
  5485 | D:6      | Found a bloodstained altar of Trog.
  5491 | D:6      | Found an opulent altar of Gozag.
  5493 | D:6      | Found a hide-covered altar of Uskayaw.
  5495 | D:6      | Found a glowing golden altar of the Shining One.
  5559 | D:6      | Reached XP level 9. HP: 69/79 MP: 9/9
  5560 | D:6      | Found a glowing drain.
  5937 | D:6      | Reached skill level 10 in Axes
  6412 | D:7      | Found a shimmering altar of Xom.
  6867 | D:7      | Found a hazy altar of Hepliaklqana.
  7084 | D:7      | Found a broken altar of Ashenzari.
  7409 | D:7      | Reached skill level 11 in Axes
  8109 | D:8      | Found an iron altar of Okawaru.
  8127 | D:8      | Reached XP level 10. HP: 82/88 MP: 10/10
  8156 | D:8      | Became a worshipper of Warmaster Okawaru
  8254 | D:8      | Found a staircase to the Lair.
  8424 | D:8      | Found an ancient bone altar of Kikubaaqudgha.
  8481 | D:8      | Reached skill level 12 in Axes
  9018 | D:9      | Reached * piety under Okawaru
  9130 | D:9      | Reached skill level 13 in Axes
  9293 | D:9      | Reached ** piety under Okawaru
  9294 | D:9      | Reached skill level 1 in Stealth
 10384 | D:8      | Paralysed by a hornet for 3 turns
 10588 | D:8      | Reached XP level 11. HP: 97/97 MP: 11/11
 10942 | D:10     | Entered Level 10 of the Dungeon
 11013 | D:10     | Reached *** piety under Okawaru
 11133 | D:10     | Noticed a purple ugly thing
 11133 | D:10     | Noticed a red ugly thing
 11134 | D:10     | Noticed a purple ugly thing
 11138 | D:10     | Noticed a purple ugly thing
 11140 | D:10     | Noticed a cyan ugly thing
 11141 | D:10     | Killed a red ugly thing
 11142 | D:10     | Reached skill level 14 in Axes
 11159 | D:10     | Killed a red ugly thing
 11168 | D:10     | Demolished by a white ugly thing

Illustrated notes

Levels and vault maps discovered:
D:1:      psy_arrival_dodecagon, layout_basic, supply_closet_lemuel
D:2:      layout_basic
D:3:      layout_basic, grunt_temple_overflow_forces_of_nature,
          nicolae_dithmenos_through_a_glass_darkly
D:4:      layout_basic, zin_angel, nicolae_overflow_hidden_temple,
          enter_ossuary_1, nicolae_qazlal_style_of_elements
D:5:      layout_basic, lemuel_zombie_altar_yredelemnul, uniq_pikel
D:6:      layout_loops_ring, chequers_temple_overflow_minitemple,
          minmay_temple_entry_grid, cheibrodos_sewer_entry_drain,
          uniq_prince_ribbit1
D:7:      layout_layer_cave, evilmike_ruin_ashenzari, basic_altar, tgw_xom
D:8:      layout_loops_corners, overflow_temple_1_default, okawaru_humans,
          dpeg_oklobed_lair, grunt_decor_cap
D:9:      layout_basic, nicolae_water_bricks
D:10:     cheibrodos_breeding_chamber, layout_layer_cave, david_orc_1_choice,
          serial_shops, kennysheep_little_box, basic_altar

Skill      XL: |  1  2  3  4  5  6  7  8  9 10 11 |
---------------+----------------------------------+-----
Axes           | 3 4 5 8 9 11 13 14 | 14.1
Fighting       | 4 5 6 7 9 |  9.3
Dodging        | 1 2 |  2.2
Armour         | 4 5 6 8 |  8.5
Shields        | 4 5 7 8 |  8.2
Stealth        | 1 |  1.7

Action                   |  1- 3 |  4- 6 |  7- 9 | 10-12 || total
-------------------------+-------+-------+-------+-------++-------
Melee: War axe           |   103 |   169 |   380 |   278 ||   930
Invok: Heroism           |       |       |       |     1 ||     1
Evoke: Wand              |       |       |       |     2 ||     2
  Use: Scroll            |       |     6 |     5 |     1 ||    12
       Potion            |       |     2 |     3 |     2 ||     7
Armor: Scale mail        |    61 |    74 |       |       ||   135
       Plate armour      |       |       |   214 |    65 ||   279
Dodge: Dodged            |    32 |    52 |    79 |    55 ||   218
Block: Kite shield       |    62 |    71 |   200 |   135 ||   468
